AoeStats
← ITZ | AutocavS

Arabia

509270097Analyzed
2v2 RM · 7d ago on Sep 26, 2026· 85m 15s· 4 players
Game mode
Random Map
Map size
Medium (4 player)
Population
200
Speed
Normal
Resources
Standard
Victory
Conquest
Starting age
Dark Age
Ending age
Imperial Age
RankedLock teamsTeams togetherTeam positionsShared explorationLock speedFull tech treeHidden civsTurbo modeCheats
Victory
Defeat
🇦🇷 Shu · Argentina
1419
+16
🇦🇷 Franks · Argentina
1407
+16
🇲🇽 Sicilians · Mexico
1419
-16
🇨🇳 Persians · China
1405
-16
秦墨子
6:59 Loom
9:07 Feudal Age
10:26 Double-Bit Axe
11:42 Wheelbarrow
13:15 Forging
15:16 Scale Barding Armor
21:08 Castle Age
19:00 Gold Mining
19:50 Bloodlines
22:35 Husbandry
23:52 Hand Cart
30:12 Iron Casting
31:53 Town Watch
32:37 Chain Barding Armor
34:00 Herbal Medicine
35:05 Town Patrol
40:11 Imperial Age
39:42 Bow Saw
39:58 Kamandaran
41:13 Cavalier
42:49 Conscription
42:06 Light Cavalry
44:58 Gold Shaft Mining
44:13 Stone Mining
45:46 Citadels
45:45 Elite Skirmisher
48:30 Chemistry
47:49 Fletching
47:59 Padded Archer Armor
48:48 Stone Shaft Mining
49:07 Bodkin Arrow
49:47 Hussar
50:55 Thumb Ring
51:25 Leather Archer Armor
51:37 Ballistics
53:37 Ring Archer Armor
55:43 Pikeman
59:09 Crossbowman
68:17 Two-Man Saw
69:44 Horse Collar
74:27 Heavy Plow
Mistico
6:59 Loom
9:35 Feudal Age
10:49 Double-Bit Axe
11:17 Fletching
19:15 Wheelbarrow
22:31 Castle Age
20:26 Horse Collar
21:05 Padded Archer Armor
23:13 Bodkin Arrow
22:38 Crossbowman
24:00 Bloodlines
25:05 Ballistics
27:08 Husbandry
32:13 Bow Saw
35:49 Town Watch
39:53 Imperial Age
39:11 Hand Cart
38:51 Gold Mining
38:52 Stone Mining
39:26 Leather Archer Armor
40:36 Bracer
39:58 Cranequins
41:43 Chemistry
43:44 Conscription
42:54 Pikeman
44:19 Scale Mail Armor
44:23 Halberdier
45:22 Chain Mail Armor
45:59 Forging
46:10 Heavy Mounted Crossbowman
48:50 Squires
49:21 Plate Mail Armor
50:44 Iron Casting
52:19 Heavy Plow
54:43 Blast Furnace
54:10 Town Patrol
55:12 Arson
57:33 Masonry
59:23 Scale Barding Armor
59:57 Arrowslits
59:38 Light Cavalry
60:44 Chain Barding Armor
62:33 Plate Barding Armor
66:06 Caravan
81:20 Crop Rotation
ITZ | Cappe73
6:21 Loom
9:02 Feudal Age
10:09 Double-Bit Axe
14:52 Fletching
17:35 Padded Archer Armor
23:21 Castle Age
21:52 Gold Mining
23:23 Crossbowman
24:00 Bodkin Arrow
24:16 Bow Saw
25:09 Thumb Ring
28:32 Ballistics
28:27 Horse Collar
31:08 Heavy Plow
31:46 Wheelbarrow
30:57 Town Watch
33:41 Stone Mining
35:18 Hand Cart
38:19 Imperial Age
39:24 Conscription
38:46 Arbalester
39:28 Bracer
40:39 Chemistry
40:31 Leather Archer Armor
41:04 Scale Mail Armor
41:15 Forging
43:06 Elite White Feather Guard
47:06 Siege Engineers
47:12 Masonry
51:21 Hoardings
53:04 Coiled Serpent Array
53:26 Caravan
55:27 Architecture
55:28 Ring Archer Armor
55:18 Chain Mail Armor
56:29 Elite Skirmisher
57:45 Ring Archer Armor
57:46 Plate Mail Armor
58:27 Coinage
61:10 Squires
60:56 Arson
61:31 Fortified Wall
61:59 Bolt Magazine
64:54 Treadmill Crane
70:48 Two-Man Saw
71:02 Town Patrol
71:58 Banking
71:49 Guilds
72:14 Herbal Medicine
ITZ | AutocavS
5:54 Loom
8:58 Feudal Age
9:49 Double-Bit Axe
18:06 Gold Mining
21:31 Castle Age
20:08 Forging
20:04 Scale Barding Armor
22:56 Chain Barding Armor
24:51 Gold Shaft Mining
24:35 Husbandry
28:41 Bow Saw
31:31 Wheelbarrow
31:31 Town Watch
34:59 Hand Cart
38:27 Imperial Age
36:49 Stone Mining
39:11 Iron Casting
38:38 Cavalier
40:03 Plate Barding Armor
41:10 Conscription
41:23 Paladin
46:36 Blast Furnace
48:02 Scale Mail Armor
51:10 Fletching
51:20 Padded Archer Armor
50:53 Elite Skirmisher
52:06 Ballistics
52:48 Chemistry
51:29 Light Cavalry
53:13 Bodkin Arrow
53:35 Leather Archer Armor
55:43 Caravan
70:06 Capped Ram
75:33 Chain Mail Armor
Connection lost

Rejoining the realm…

Still unreachable

The connection could not be restored.

Session expired

The server has moved on; the page needs a fresh start.